 Dungeon Crawl Stone Soup version 0.27-a0-364-g31b3477 (webtiles) character file.

Game seed: 4642800718096595073

28 MrTaco21 the Cudgeller (level 3, 0/23 HPs)
             Began as a Gargoyle Fighter on Feb 16, 2021.
             Slain by a goblin (1 damage)
             ... on level 1 of the Dungeon.
             The game lasted 00:00:47 (839 turns).

MrTaco21 the Cudgeller (Gargoyle Fighter)            Turns: 839, Time: 00:00:47

Health: 0/23       AC: 11    Str: 20    XL:     3   Next: 12%
Magic:  3/3        EV:  7    Int:  8    God:
Gold:   22         SH:  9    Dex:  9    Spells: 2/2 levels left

rFire    + . .     SeeInvis .   a - +0 flail
rCold    + . .     Faith    .   c - +0 kite shield
rNeg     + . .     Spirit   .   b - +0 scale mail
rPois    ∞         Reflect  .   (no helmet)
rElec    +         Harm     .   e - scarf {rC+ rF+}
rCorr    .         Rampage  .   g - +0 pair of gloves
Will     .....                  (no boots)
Stlth    ..........             (no amulet)
HPRegen  0.07/turn              (no ring)
MPRegen  0.08/turn              (no ring)

@: no status effects
A: negative energy resistance 1, electricity resistance, unbreathing,
petrification resistance, miasma immunity, AC +3
a: no special abilities


You were on level 1 of the Dungeon.
You visited 1 branch of the dungeon, and saw 1 of its levels.

You collected 22 gold pieces.

Inventory:

Hand Weapons
 a - a +0 flail (weapon)
Armour
 b - a +0 scale mail (worn)
 c - a +0 kite shield (worn)
 e - a scarf of resistance (worn)
   (You found it on level 1 of the Dungeon)
 g - a +0 pair of gloves (worn)
   (You found it on level 1 of the Dungeon)
Jewellery
 k - a +6 ring of intelligence {unknown}
   (You found it on level 1 of the Dungeon)
Scrolls
 f - a scroll of identify {unknown}
 i - a scroll of magic mapping {unknown}
 j - a scroll of noise {unknown}
 l - a scroll of immolation {unknown}
Potions
 d - a potion of might
 h - a potion of cancellation {unknown}


   Skills:
 - Level 3.2 Fighting
 + Level 3.5 Maces & Flails
 - Level 3.2 Armour
 - Level 3.2 Shields


You had 2 spell levels left.
You didn't know any spells.
Your spell library was empty.

Dungeon Overview and Level Annotations

Branches:
Dungeon (1/15)

Altars:


Innate Abilities, Weirdness & Mutations

You are resistant to torment.
Your stone body is resilient. (AC +3)
You are immune to poison.
You resist negative energy. (rN+)
You are resistant to electric shocks. (rElec)
You can survive without breathing.
You are immune to petrification.
You are immune to miasma.


Message History

You hit the frilled lizard.
You kill the frilled lizard!
No target in view!
No target in view!
No target in view!
No target in view!
No target in view!
No target in view!
No target in view!
No target in view!
j - a scroll labelled KEECEF XA HIED
Found 18 stones.
Found a glowing jade ring.
k - a glowing jade ring You open the door.
Found a scroll labelled JAOFYCL UTOI.
There is an open door here.
l - a scroll labelled JAOFYCL UTOI
Found a stone staircase leading down.
Found an escape hatch in the floor.
A gnoll comes into view. It is wielding a +0 flail.
The gnoll shouts!
You hear a shout! x2
Found a ring mail.
The gnoll closely misses you.
You hit the gnoll.
A goblin comes into view.
The gnoll hits you with a +0 flail.
You hit the gnoll. The gnoll barely misses you.
You hit the gnoll. The gnoll hits you with a +0 flail!
* * * LOW HITPOINT WARNING * * *
You are too injured to fight recklessly!
Unknown command.
You closely miss the gnoll. The gnoll hits you with a +0 flail.
* * * LOW HITPOINT WARNING * * *
You sock the gnoll!
You kill the gnoll!
You have reached level 3!
Your experience leads to an increase in your attributes!
Increase (S)trength, (I)ntelligence, or (D)exterity?
You feel stronger.
You hit the goblin. You block the goblin's attack.
The goblin hits you but does no damage.
Unknown command.
You closely miss the goblin. The goblin closely misses you.
An ooze comes into view.
Unknown command.
You barely miss the goblin.
The ooze quivers.
The goblin barely misses you. The goblin hits you.
You die...

....... ......J .......##
[........ ........# # ........#
## ## .......g# #.# #.
.............@# #..####.
..............# #.....#
#............# ###..##
#.....>......# #..##
>............##### ## ##...
#....#####.....## #.# #[.. #.
#...#####.###..## ..##.##
#..#.##.#....##....#..## #.#..#.
#..#......##..####.##..###.#.##.


You could see an ooze and a goblin.

Vanquished Creatures
  A gnoll (D:1)
  A dart slug (D:1)
  2 leopard geckos (D:1)
  A bat (D:1)
  2 hobgoblins (D:1)
  2 frilled lizards (D:1)
  2 kobolds (D:1)
  5 rats (D:1)
16 creatures vanquished.

Notes
Turn   | Place    | Note
-------+----------+-------------------------------------------
     0 | D:1      | MrTaco21 the Gargoyle Fighter began the quest for the Orb.
     0 | D:1      | Reached XP level 1. HP: 14/14 MP: 1/1
   155 | D:1      | Reached XP level 2. HP: 9/19 MP: 2/2
   837 | D:1      | Reached XP level 3. HP: 1/23 MP: 3/3
   839 | D:1      | Slain by a goblin

Illustrated notes

Levels and vault maps discovered:
D:1:      lemuel_arrival_tunnels, layout_basic, minmay_misc_feat_hallway,
          minmay_small_reverse_x

Skill      XL: |  1  2 |
---------------+-------+-----
Maces & Flails | 3 |  3.5
Fighting       | |  3.2
Armour         | |  3.2
Shields        | |  3.2

Action                   || total
-------------------------++-------
Melee: Flail             ||    73
Armor: Scale mail        ||    32
Dodge: Dodged            ||    34
Block: Kite shield       ||    44

Table legend: (Time is in decaauts)
 A = Elapsed time spent in this place.
 B = Non-inter-level travel time spent in this place.
 C = Inter-level travel time spent in this place.
 D = Time resting spent in this place.
 E = Time spent auto-exploring this place.
 F = Levels seen in this place.
 G = Mean time per level.
                   A        B        C        D        E       F      G
               +--------+--------+--------+--------+--------+-----+--------+
         Total |    874 |    874 |      0 |    180 |    525 |   1 |  874.0 |
       Dungeon |    874 |    874 |      0 |    180 |    525 |   1 |  874.0 |
               +--------+--------+--------+--------+--------+-----+--------+

Top non-repeatable levels by time:
     D:1: 874 daAuts
